 Dungeon Crawl Stone Soup version 0.24.0-2-g5b39cebb1c (webtiles) character file.

Game seed: 1267209052543892127, levelgen mode: deterministic

2459 roguesci the Ducker (level 9, -7/93 HPs)
             Began as a Troll Monk on Oct 31, 2019.
             Was a Follower of Ru.
             Mangled by a wyvern (18 damage)
             ... on level 6 of the Dungeon.
             The game lasted 00:13:48 (6118 turns).

roguesci the Ducker (Troll Monk)                    Turns: 6118, Time: 00:13:49

Health: -7/93      AC:  8    Str: 29    XL:     9   Next: 26%
Magic:  8/8        EV: 13    Int:  6    God:    Ru [*.....]
Gold:   281        SH:  0    Dex: 12    Spells: 8/8 levels left

rFire    . . .     SeeInvis .     - Unarmed
rCold    . . .     Gourm    +   (no shield)
rNeg     . . .     Faith    .   j - +2 robe
rPois    .         Spirit   .   (helmet restricted)
rElec    .         Reflect  .   (no cloak)
rCorr    .         Harm     .   (gloves unavailable)
MR       .....                  (boots unavailable)
Stlth    ++........             (no amulet)
HPRegen  0.65/turn              (no ring)
MPRegen  0.11/turn              (no ring)

@: mighty
A: large, unfitting armour, claws 3, fast metabolism 3, gourmand, regeneration
1, shaggy fur 1, tough skin 3, magic vulnerability 1
a: Renounce Religion


You were on level 6 of the Dungeon.
You worshipped Ru.
Ru was aware of your devotion.
You were full.

You visited 2 branches of the dungeon, and saw 7 of its levels.

You collected 281 gold pieces.

Inventory:

Missiles
 d - 228 stones (quivered)
Armour
 j - a +2 robe (worn)
Wands
 k - a wand of digging (10)
Scrolls
 e - a scroll of magic mapping
 f - 9 scrolls of identify {unknown}
 i - 4 scrolls of teleportation {unknown}
 m - a scroll of fog {unknown}
Potions
 a - 4 potions of curing
 l - a potion of degeneration
 s - a potion of magic
Comestibles
 b - 10 rations


   Skills:
 * Level 7.1 Fighting
 * Level 7.1 Dodging
 - Level 1.0 Stealth
 + Level 6.3 Unarmed Combat


You had 8 spell levels left.
You didn't know any spells.
Your spell library was empty.

Dungeon Overview and Level Annotations

Branches:
Dungeon (6/15)             Temple (1/1) D:5

Altars:
Cheibriados
Dithmenos
Elyvilon
Fedhas
Hepliaklqana
Kikubaaqudgha
Makhleb
Nemelex Xobeh
Qazlal
Ru
Sif Muna
Trog
Uskayaw
Vehumet
Xom
Zin
The Shining One

Annotations:
D:5 4 transporters, zhorgal's ghost, novice MiBe


Innate Abilities, Weirdness & Mutations

You are too large for most types of armour.
You have claws for hands.
Your metabolism is lightning-fast.
You like to eat raw meat.
Your natural rate of healing is unusually fast.
You are covered in fur. (AC +1)
You have extremely tough skin. (AC +3)
You are slightly vulnerable to magic. (MR-)


Message History

The komodo dragon is severely wounded.
The komodo dragon bites you!
* * * LOW HITPOINT WARNING * * *
You closely miss the komodo dragon. Your claw misses the komodo dragon.
The komodo dragon is severely wounded.
The komodo dragon closely misses you.
You claw the komodo dragon!
You kill the komodo dragon!
Your Fighting skill increases to level 7!
Your Dodging skill increases to level 7!
You closely miss the wyvern. The wyvern bites you.
* * * LOW HITPOINT WARNING * * *
You claw the wyvern!
The wyvern is moderately wounded.
The wyvern completely misses you. The wyvern bites you.
* * * LOW HITPOINT WARNING * * *
You barely miss the wyvern.
The wyvern is moderately wounded.
The wyvern bites you!!
You die...

### #.# ..# ##.#
..# #.#
#.########## ##
#..........# .#
#.########[#####
.# #.# #..@..#
.# #.# ####l##
.# #.# .# .# #.#
#. .####.# ##
......# #######


You could see a wyvern.

Vanquished Creatures
  Pikel (D:4)
  A komodo dragon (D:6)
  Sigmund (D:2)
  Eustachio (D:5)
  A water moccasin (D:6)
  An orc warrior (D:6)
  2 ice beasts
  A phantom (D:6)
  2 ogres
  A bullfrog (D:6)
  A scorpion (D:6)
  2 crimson imps
  5 orc priests
  A gnoll shaman (D:3)
  2 centaur skeletons
  2 orc wizards
  2 worker ants (D:5)
  Robin (D:4)
  8 gnolls
  10 adders
  An adder skeleton (D:4)
  2 worms
  2 dart slugs
  22 orcs
  10 bats
  6 giant cockroaches
  10 goblins
  7 hobgoblins
  8 jackals
  3 quokkas
  A frilled lizard (D:3)
  5 kobolds
  5 rats
128 creatures vanquished.

Notes
Turn   | Place    | Note
-------+----------+-------------------------------------------
     0 | D:1      | roguesci the Troll Monk began the quest for the Orb.
     0 | D:1      | Reached XP level 1. HP: 22/22 MP: 0/0
   232 | D:1      | Reached XP level 2. HP: 29/29 MP: 1/1
   586 | D:2      | Reached XP level 3. HP: 36/36 MP: 2/2
   699 | D:2      | Noticed Sigmund
   718 | D:2      | Killed Sigmund
   718 | D:2      | Reached XP level 4. HP: 15/48 MP: 3/3
   718 | D:2      | Reached XP level 5. HP: 17/54 MP: 4/4
  1116 | D:3      | Reached XP level 6. HP: 51/62 MP: 5/5
  2191 | D:4      | Reached XP level 7. HP: 70/71 MP: 6/6
  2536 | D:4      | Noticed Robin
  2556 | D:4      | Killed Robin
  2647 | D:4      | Noticed Pikel
  2672 | D:4      | Killed Pikel
  2672 | D:4      | Reached skill level 5 in Fighting
  2672 | D:4      | Reached skill level 5 in Dodging
  2672 | D:4      | Reached skill level 5 in Unarmed Combat
  2672 | D:4      | Reached XP level 8. HP: 76/81 MP: 7/7
  2741 | D:5      | Entered Level 5 of the Dungeon
  2748 | D:5      | Found a glowing silver altar of Zin.
  2762 | D:5      | Found a transporter.
  2763 | D:5      | Found a transporter.
  2764 | D:5      | Found a transporter.
  2764 | D:5      | Noticed zhorgal's ghost (novice MiBe)
  2837 | D:5      | Found a staircase to the Ecumenical Temple.
  2858 | Temple   | Entered the Ecumenical Temple
  2864 | Temple   | Became a worshipper of Ru the Awakened
  2886 | Temple   | Gained mutation: You are slightly vulnerable to magic.
                  | (MR-) [Ru sacrifice]
  2886 | Temple   | Reached * piety under Ru
  4442 | D:5      | Noticed Eustachio
  4464 | D:5      | Killed Eustachio
  4519 | D:5      | Found a transporter.
  5492 | D:6      | Found a shadowy altar of Dithmenos.
  5512 | D:6      | Found a shimmering altar of Xom.
  5568 | D:6      | Reached XP level 9. HP: 41/92 MP: 8/8
  6103 | D:6      | Noticed a komodo dragon
  6115 | D:6      | Killed a komodo dragon
  6118 | D:6      | Mangled by a wyvern

Levels and vault maps discovered:
D:1:      onia_arrival_pentagram, layout_basic
D:2:      layout_rooms, uniq_sigmund
D:3:      layout_basic
D:4:      layout_rooms, minmay_misc_feat_encased, minmay_misc_feat_x,
          uniq_robin, uniq_pikel
D:5:      gammafunk_cloud_chamber, layout_layer_cave, minmay_temple_entry_ruins,
          basic_altar, first_ration, gammafunk_ghost_mausoleum, uniq_eustachio
D:6:      minmay_cornered_nines, layout_basic, nicolae_overflow_crystal_walls,
          xom_teletrap_fun
Temple:   eino_narrow_crystal_temple

Skill      XL: |  1  2  3  4  5  6  7  8  9 |
---------------+----------------------------+-----
Fighting       | 3 4 5 6 7 |  7.1
Dodging        | 3 4 5 6 7 |  7.1
Unarmed Combat | 4 5 6 |  6.3
Stealth        | |  1.0

Action                   |  1- 3 |  4- 6 |  7- 9 || total
-------------------------+-------+-------+-------++-------
Melee: Unarmed           |    84 |   117 |   217 ||   418
       Punch             |       |     5 |     8 ||    13
Invok: Sacrifice Essence |       |       |     1 ||     1
  Use: Potion            |       |       |    10 ||    10
       Scroll            |       |       |     5 ||     5
 Stab: Sleeping          |     1 |     2 |     1 ||     4
       Invisible         |       |       |     3 ||     3
  Eat: Chunk             |     6 |    20 |    29 ||    55
       Ration            |       |       |     1 ||     1
Armor: Robe              |    27 |    34 |    65 ||   126
Dodge: Dodged            |    55 |    59 |   129 ||   243
